 Dungeon Crawl Stone Soup version 0.29-a0-551-gffc1d7fb78 (webtiles) character file.

Game seed: 4268622913494414781

7 oldriver the Sneak (level 1, -4/19 HPs)
             Began as a Palentonga Delver on June 6, 2022.
             Slain by a mummy (9 damage)
             ... on level 4 of the Dungeon.
             The game lasted 00:01:14 (282 turns).

oldriver the Sneak (Palentonga Delver)               Turns: 282, Time: 00:01:14

Health: -4/19      AC:  4    Str: 15    XL:     1   Next: 83%
Magic:  1/1        EV:  9    Int: 10    God:
Gold:   30         SH:  0    Dex: 11    Spells: 0/0 levels left

rFire   . . .      SeeInvis +   a - +0 hand axe
rCold   . . .      Faith    .   (no shield)
rNeg    . . .      Spirit   .   b - +0 leather armour
rPois   .          Reflect  .   (no helmet)
rElec   .          Harm     .   (no cloak)
rCorr   .          Rampage  .   (no gloves)
Will    .....                   (no barding)
Stlth   ++........              (no amulet)
HPRegen 0.06/turn               (no ring)
MPRegen 0.07/turn               (no ring)

@: no status effects
A: large, rugged brown scales 3, see invisible, deformed body, roll 1, armoured
tail
a: Rolling Charge


You were on level 4 of the Dungeon.
You visited 1 branch of the dungeon, and saw 2 of its levels.

You collected 30 gold pieces.

Inventory:

Hand Weapons
 a - a +0 hand axe (weapon)
Armour
 b - a +0 leather armour (worn)
Wands
 g - a wand of digging (3)
Scrolls
 c - a scroll of fog
 d - a scroll of magic mapping
 e - a scroll of fear
Potions
 f - a potion of haste


   Skills:
 + Level 3.1 Fighting
 * Level 2.4 Axes
 - Level 1.5 Dodging
 - Level 3.3 Stealth


You couldn't memorise any spells.
You didn't know any spells.
Your spell library was empty.

Dungeon Overview and Level Annotations

Branches:
Dungeon (5/15)
 Temple: D:4-7

Altars:
Yredelemnul
The Shining One

Portals:
Ossuary: D:4

Annotations:
D:5 Pikel


Innate Abilities, Weirdness & Mutations

You are completely covered in rugged brown scales. (AC +3, +7% HP)
You have supernaturally acute eyesight. (SInv)
Armour fits poorly on your strangely shaped body.
You can roll at nearby foes to attack.
You have a long armoured tail.


Message History

A mysterious force pulls you upwards. The hatch slams shut behind you.
You hear the hiss of flowing sand.
There is an entrance to an ossuary on this level.
Hurry and find it before the portal is buried!
You hit the orc. You tail-slap the orc.
You kill the orc!
Found 9 stones.
The ball python hisses angrily.
You slash the ball python!
You kill the ball python!
You see here a ball python corpse.
You start resting.
You hear the slow hiss of an avalanche of sand nearby.
You start resting.
You hear the slow hiss of an avalanche of sand nearby.
Found 5 gold pieces.
You now have 30 gold pieces (gained 5).
A giant cockroach comes into view.
The giant cockroach moves out of view.
The giant cockroach bites you.
You barely miss the giant cockroach. You tail-slap the giant cockroach.
You kill the giant cockroach!
You open the door.
A mummy comes into view.
Found a sand-covered staircase.
There is an open door here.
The mummy hits you but does no damage.
You slash the mummy! You tail-slap the mummy!
The mummy is severely damaged.
You hit the mummy.
The mummy is almost destroyed.
The mummy hits you!
Ouch! That really hurt!
* * * LOW HITPOINT WARNING * * *
You hit the mummy.
The mummy is almost destroyed.
The mummy barely misses you.
You barely miss the mummy.
The mummy is almost destroyed.
The mummy hits you!
You die...

#..........#
#..........#
#............##
##............##
............#..##
###.....##..###..##
.......#..##∩##..##
##.....B.##.M.##..##
#......##..@..##..#
.....#####'#####.#
..............#
........#######
.########


You could see a mummy.

Vanquished Creatures
  2 orcs
  A ball python (D:4)
  A giant cockroach (D:4)
4 creatures vanquished.

Notes
Turn   | Place    | Note
-------+----------+-------------------------------------------
     0 | D:5      | oldriver the Palentonga Delver began the quest for the Orb.
     0 | D:5      | Reached XP level 1. HP: 19/19 MP: 1/1
    55 | D:5      | Noticed a scorpion
   100 | D:5      | Found a basalt altar of Yredelemnul.
   105 | D:5      | Found a glowing golden altar of the Shining One.
   105 | D:5      | Noticed Pikel
   105 | D:5      | Noticed a lemure
   105 | D:5      | Noticed a lemure
   105 | D:5      | Noticed a lemure
   105 | D:5      | Noticed a lemure
   121 | D:5      | Noticed an iguana
   276 | D:4      | Found a sand-covered staircase.
   282 | D:4      | Slain by a mummy

Illustrated notes

Levels and vault maps discovered:
D:4:      layout_basic, mainiacjoe_overflow_concentric_impassable,
          gup_ossuary_entry_pyramid
D:5:      layout_basic, grunt_temple_overflow_holy_war, minitemple,
          mainiacjoe_overflow_surrounded_room, serial_curves, eino_curves_04,
          eino_curves_03, kennysheep_doodads, uniq_duvessa, uniq_pikel,
          uniq_crazy_yiuf_cottage

Action                   || total
-------------------------++-------
Melee: Hand axe          ||     8
       Tailslap          ||     3
 Stab: Distracted        ||     1
Armor: Leather armour    ||     1
Dodge: Dodged            ||     2

Table legend: (Time is in decaauts)
 A = Elapsed time spent in this place.
 B = Non-inter-level travel time spent in this place.
 C = Inter-level travel time spent in this place.
 D = Time resting spent in this place.
 E = Time spent auto-exploring this place.
 F = Levels seen in this place.
 G = Mean time per level.
                   A        B        C        D        E       F      G
               +--------+--------+--------+--------+--------+-----+--------+
         Total |    283 |    283 |      0 |     91 |     23 |   2 |  141.5 |
       Dungeon |    283 |    283 |      0 |     91 |     23 |   2 |  141.5 |
               +--------+--------+--------+--------+--------+-----+--------+

Top non-repeatable levels by time:
     D:4: 147 daAuts
     D:5: 135 daAuts
